 Dungeon Sprint DCSS version 0.32-a0-571-gec57dfcd37 (webtiles) character file.

Game seed: 18243680034756166012

1023 rocky1 the Basher (level 8, -2/78 HPs)
             Began as a Mountain Dwarf Fighter on Mar 1, 2024.
             Was an Initiate of Gozag.
             Slain by a human
             ... wielding a +0 dagger
              (10 damage)
             ... in the Dungeon (Sprint III: "The Ten Rune Challenge").
             The game lasted 00:02:52 (1529 turns).

rocky1 the Basher (Mountain Dwarf Fighter)          Turns: 1529, Time: 00:02:52

Health: -2/78      AC:  8    Str: 21    XL:     8   Next: 2%
Magic:  8/8        EV:  9    Int:  9    God:    Gozag
Gold:   486        SH:  6    Dex:  9    Spells: 5/7 levels left

rFire   + . .        a - +0 flail
rCold   . . .        c - +0 buckler
rNeg    . . .        b - +0 scale mail
rPois   .            (no helmet)
rElec   .            (no cloak)
rCorr   .            (no gloves)
SInv    .            (no boots)
Will    .....        (no amulet) Stlth
                     k - ring of protection from fire
HPRegen 0.33/turn    (no ring)
MPRegen 0.11/turn

%: no teleportation, clarity
@: mighty
A: runic magic, artefact enchanting, clarity
a: Renounce Religion, Potion Petition, Call Merchant, Bribe Branch


You were in the Dungeon.
You worshipped Gozag.
Gozag was aware of your devotion.
You visited 1 branch You collected 486 gold pieces.

Inventory:

Hand Weapons
 a - a +0 flail (weapon)
 r - a +0 battleaxe
Armour
 b - a +0 scale mail (worn)
 c - a +0 buckler (worn)
Jewellery
 k - a ring of protection from fire (left hand)
Wands
 i - a wand of charming (8)
 q - a wand of light (11)
Scrolls
 j - a scroll of blinking
 m - 2 scrolls of poison {unknown}
 n - 3 scrolls of identify
Potions
 d - a potion of might
 e - a potion of curing
 g - a potion of haste
 h - 2 potions of magic
 l - 4 potions of mutation
 o - a potion of attraction {unknown}
 p - 2 potions of enlightenment {unknown}


   Skills:
 + Level 9.3 Fighting
 * Level 13.2 Maces & Flails
 + Level 9.3 Armour
 + Level 9.3 Shields


You had 5 spell levels left.
You knew the following spells:

 Your Spells              Type           Power      Damage    Failure   Level
a - Scorch                Fire           0%         2d5       65%         2

Your spell library contained the following spells:

 Spells                   Type           Power      Damage    Failure   Level
 Sublimation of Blood     Necr           0%         N/A       65%         2
 Flame Wave               Conj/Fire      0%         2d4       99%         4
 Petrify                  Alch/Erth      0%         N/A       99%         4
 Irradiate                Conj/Alch      0%         3d11      100%        5
 Summon Cactus Giant      Summ           0%         N/A       100%        6


Dungeon Overview and Level Annotations

Branches:
Dungeon (1/1)

Altars:
Cheibriados
Dithmenos
Elyvilon
Fedhas
Gozag
Hepliaklqana
Kikubaaqudgha
Makhleb
Nemelex Xobeh
Okawaru
Qazlal
Ru
Sif Muna
Trog
Uskayaw
Vehumet
Wu Jian
Xom
Yredelemnul
Zin
The Shining One
Beogh
Jiyva
Lugonu


Innate Abilities, Weirdness & Mutations

Your spellcasting is much less encumbered by armour.
You can use scrolls of enchantment on lesser artefacts.
You possess an exceptional clarity of mind.


Message History

The human is lightly wounded.
The human barely misses you.
You closely miss the human.
The human is lightly wounded.
You barely miss the human.
The human is lightly wounded.
The human attacks as it pursues you! The human barely misses you.
You sock the human!
The human is lightly wounded.
You block the human's attack. The human closely misses you.
You block the human's attack.
You closely miss the human.
The human is lightly wounded.
The human hits you! You block the human's attack.
You closely miss the human.
The human is lightly wounded.
The human hits you but does no damage.
You closely miss the human.
The human is lightly wounded.
The human hits you but does no damage. The human hits you with a +0 dagger!
You closely miss the human.
The human is lightly wounded.
You block the human's attack. The human barely misses you.
You sock the human!
The human is heavily wounded.
The human hits you with a +0 dagger! The human hits you!
You barely miss the human.
The human is heavily wounded.
The human hits you with a +0 dagger.
You closely miss the human.
The human is heavily wounded.
The human hits you with a +0 dagger!
* * * LOW HITPOINT WARNING * * *
The human hits you!
* * * LOW HITPOINT WARNING * * *
You bludgeon the human!!
The human is almost dead.
The human hits you with a +0 dagger!
You die...
Your body crumbles into a pile of gold.

▓▓▓▓ ▓▓▓ ...♣
♣.############ ..♣♣
♣.#___#___#__# ...♣
♣♣.#.).#__ #._#
..~♣♣♣♣..###'#'###[##
.~~♣.....#.....p@...#
~~~~..♣..'.⌠...p....#
~≈≈~~~...#...######'#
~≈~~~....#.⌠.#__#...#
≈~~~.....#...#__#...#
~~.......#)###__#...#
..†......#...#__#...+
.........#___#__'...#
▓▓▓▓▓▓▓▓▓▓▓▓▓▓▓▓▓▓▓▓▓


You could see 2 humans.

Vanquished Creatures
  A deep elf pyromancer (D)
  A shadow (D)
  A spatial vortex (D)
  A weeping skull (D)
  A scorpion (D)
  A water elemental (D)
  A burial acolyte (D)
  A wight (D)
  A jelly (D)
  A human (D)
  A kobold demonologist (D)
  An endoplasm (D)
  3 rats (D)
15 creatures vanquished.

Notes
Turn   | Place    | Note
-------+----------+-------------------------------------------
     0 | D        | rocky1 the Mountain Dwarf Fighter began the quest for the
                  | Orb.
     0 | D        | Reached XP level 1. HP: 19/19 MP: 1/1
    47 | D        | Noticed a scorpion
    57 | D        | Killed a scorpion
    57 | D        | HP: 1/20 [poisoned by a scorpion]
    58 | D        | Reached skill level 5 in Fighting
    58 | D        | Reached skill level 6 in Maces & Flails
    58 | D        | Reached skill level 5 in Armour
    58 | D        | Reached skill level 5 in Shields
    58 | D        | Reached XP level 2. HP: 2/29 MP: 2/2
    58 | D        | Reached XP level 3. HP: 2/36 MP: 3/3
   211 | D        | Gained mutation: You possess an exceptional clarity of
                  | mind. [potion of mutation]
   338 | D        | Reached XP level 4. HP: 39/42 MP: 4/4
   361 | D        | Noticed a water elemental
   368 | D        | Killed a water elemental
   369 | D        | Reached skill level 7 in Maces & Flails
   369 | D        | Reached XP level 5. HP: 49/50 MP: 5/5
   432 | D        | Noticed a shadow
   440 | D        | Killed a shadow
   441 | D        | Reached skill level 9 in Maces & Flails
   441 | D        | Reached XP level 6. HP: 33/60 MP: 6/6
   444 | D        | Reached skill level 10 in Maces & Flails
   596 | D        | Found a blossoming altar of Fedhas.
   596 | D        | Found a stormy altar of Qazlal.
   596 | D        | Found a snail-covered altar of Cheibriados.
   596 | D        | Found a burning altar of Makhleb.
   596 | D        | Found a shimmering altar of Xom.
   596 | D        | Noticed a spatial vortex
   597 | D        | Found a hazy altar of Hepliaklqana.
   597 | D        | Found an opulent altar of Gozag.
   597 | D        | Found a sparkling altar of Nemelex Xobeh.
   597 | D        | Found a corrupted altar of Lugonu.
   597 | D        | Found a viscous altar of Jiyva.
   602 | D        | Became a worshipper of Gozag Ym Sagoz the Greedy
   620 | D        | Killed a spatial vortex
   621 | D        | Reached skill level 11 in Maces & Flails
   653 | D        | Found a basalt altar of Yredelemnul.
   653 | D        | Found a shadowy altar of Dithmenos.
   653 | D        | Found a sacrificial altar of Ru.
   673 | D        | Reached XP level 7. HP: 26/68 MP: 7/7
  1022 | D        | Found a radiant altar of Vehumet.
  1022 | D        | Found a shimmering blue altar of Sif Muna.
  1022 | D        | Found an ancient bone altar of Kikubaaqudgha.
  1031 | D        | Noticed an orange demon
  1037 | D        | HP: 3/69 [orange demon[a kobold demonologist] (12)]
  1050 | D        | Reached skill level 12 in Maces & Flails
  1275 | D        | Learned a level 2 spell: Scorch
  1389 | D        | Found a glowing silver altar of Zin.
  1389 | D        | Found a glowing golden altar of the Shining One.
  1389 | D        | Found a white marble altar of Elyvilon.
  1390 | D        | Noticed a deep elf pyromancer
  1395 | D        | Killed a deep elf pyromancer
  1396 | D        | Reached skill level 13 in Maces & Flails
  1396 | D        | Reached XP level 8. HP: 57/78 MP: 8/8
  1515 | D        | Found a hide-covered altar of Uskayaw.
  1515 | D        | Found a roughly hewn altar of Beogh.
  1515 | D        | Found an iron altar of Okawaru.
  1515 | D        | Found a bloodstained altar of Trog.
  1515 | D        | Found an ornate altar of the Wu Jian Council.
  1529 | D        | Slain by a human

Illustrated notes

Levels and vault maps discovered:
D:        dungeon_sprint_mu [sprint_mu_entry_forest, sprint_mu_temple_rooms,
          sprint_mu_d1_spiders, sprint_mu_d2_genie, sprint_mu_d3_branching,
          sprint_mu_orc_legion, sprint_mu_elf_gauntlet, sprint_mu_hive_nellie,
          sprint_mu_lair_fedhas, sprint_mu_vaults_butterflies,
          sprint_mu_slime_circle, sprint_mu_shoals_archi,
          sprint_mu_snake_twists, sprint_mu_blade_basic,
          sprint_mu_crypt_fortress, sprint_mu_tomb_spiral,
          sprint_mu_vestibule_basic, sprint_mu_gehenna_hellfire,
          sprint_mu_dis_giant, sprint_mu_tartarus_statrot,
          sprint_mu_cocytus_islands, sprint_mu_zot1]

Skill      XL: |  1  2  3  4  5  6  7 |
---------------+----------------------+-----
Fighting       | 5 6 7 8 9 |  9.3
Maces & Flails | 6 7 9 11 13 | 13.2
Armour         | 5 6 7 8 9 |  9.3
Shields        | 5 6 7 8 9 |  9.3

Action                     |  1- 3 |  4- 6 |  7- 9 || total
---------------------------+-------+-------+-------++-------
  Melee: Flail             |    26 |    42 |    37 ||   105
    Use: Potion            |     1 |     1 |     3 ||     5
   Stab: Distracted        |       |     1 |       ||     1
 Armour: Scale mail        |    13 |    12 |    30 ||    55
  Dodge: Dodged            |    12 |     9 |    11 ||    32
  Block: Buckler           |     2 |     4 |     7 ||    13

Table legend: (Time is in decaauts)
 A = Elapsed time spent in this place.
 B = Non-inter-level travel time spent in this place.
 C = Inter-level travel time spent in this place.
 D = Time resting spent in this place.
 E = Time spent auto-exploring this place.
 F = Levels seen in this place.
 G = Mean time per level.
                   A        B        C        D        E       F      G
               +--------+--------+--------+--------+--------+-----+--------+
         Total |   1532 |   1532 |      0 |   1224 |      0 |   1 | 1532.0 |
       Dungeon |   1532 |   1532 |      0 |   1224 |      0 |   1 | 1532.0 |
               +--------+--------+--------+--------+--------+-----+--------+

Top non-repeatable levels by time:
       D: 1532 daAuts
